Map: Eternal Empire LE

Players

ISRAELKHAN - Winner!

  • Race: Protoss Protoss
  • League: Gold
  • Spawn Location: 1:00

antagomiR

  • Race: Protoss Protoss
  • League: Gold
  • Spawn Location: 7:00

VOD

Have the link to the VOD?

Description

Time

  • Played on: April 10, 2020, 8:04 p.m.
  • Length: 18:36
Show
View Real Time Build Order
Export as new Build Order

ISRAELKHAN Protoss - Winner!

Build Orders: Nexus First, Carriers 

Get SALT Encoding   

  12  0:01  Probe (Chrono Boost)  
  13  0:14  Pylon  
  13  0:17  Probe  
  14  0:30  Probe  
  15  0:43  Probe  
  16  1:00  Probe (Chrono Boost), Nexus  
  18  1:12  Probe (Chrono Boost)  
  18  1:14  Gateway  
  18  1:24  Gateway  
  18  1:29  Probe  
  19  1:34  Assimilator  
  19  1:43  Assimilator  
  19  1:53  Probe  
  20  1:54  Pylon  
  20  2:00  Gateway  
  20  2:15  Probe (Chrono Boost)  
  21  2:25  Probe (Chrono Boost), Cybernetics Core  
  23  2:30  Probe (Chrono Boost)  
  23  2:34  Probe (Chrono Boost)  
  24  2:39  Probe (Chrono Boost)  
  25  2:44  Probe (Chrono Boost)  
  26  2:55  Probe  
  26  2:56  Probe  
  28  2:58  Assimilator  
  28  3:01  Pylon  
  28  3:04  Gateway  
  28  3:11  Probe x2 (Chrono Boost)  
  30  3:23  Probe (Chrono Boost)  
  31  3:30  Warp Gate, Probe (Chrono Boost), Gateway  
  32  3:35  Probe (Chrono Boost)  
  32  3:36  Assimilator  
  33  3:47  Zealot x2  
  33  3:48  Zealot  
  39  3:51  Zealot  
  41  3:59  Pylon  
  41  4:05  Probe  
  42  4:12  Forge  
  42  4:15  Pylon  
  42  4:17  Probe (Chrono Boost)  
  43  4:24  Pylon  
  43  4:25  Probe (Chrono Boost)  
  43  4:29  Probe (Chrono Boost)  
  45  4:33  Pylon  
  45  4:34  Probe (Chrono Boost)  
  45  4:35  Probe (Chrono Boost)  
  47  4:39  Probe (Chrono Boost)  
  47  4:43  Probe  
  47  4:44  Protoss Ground Armor Level 1  
  49  4:53  Photon Cannon  
  49  4:58  Twilight Council  
  49  5:03  Probe  
  49  5:06  Pylon  
  48  5:15  Probe  
  49  5:24  Zealot  
  49  5:25  Zealot x4  
  49  5:27  Probe  
  60  5:33  Charge (Chrono Boost), Photon Cannon  
  60  5:47  Zealot x2  
  60  5:48  Zealot x2  
  68  5:52  Zealot  
  70  6:07  Nexus  
  70  6:12  Assimilator  
  70  6:16  Assimilator  
  70  6:22  Zealot x3  
  76  6:26  Zealot  
  76  6:28  Zealot  
  80  6:35  Robotics Facility  
  80  6:39  Pylon  
  80  6:44  Pylon  
  80  6:47  Shield Battery  
  80  6:48  Stalker  
  80  6:53  Protoss Shields Level 1, Stalker  
  84  6:58  Stalker  
  86  7:02  Stalker  
  86  7:06  Stalker  
  90  7:12  Stalker  
  92  7:17  Stalker  
  92  7:21  Stalker  
  96  7:23  Observer  
  96  7:28  Probe (Chrono Boost)  
  99  7:38  Probe (Chrono Boost)  
  99  7:39  Stargate  
  99  7:42  Pylon  
  99  7:43  Probe (Chrono Boost)  
  99  7:48  Pylon  
  100  7:51  Stargate  
  100  7:54  Probe  
  100  7:56  Photon Cannon  
  101  8:06  Probe  
  102  8:18  Probe  
  103  8:22  Observer  
  104  8:30  Probe  
  104  8:34  Stalker x4  
  111  8:43  Probe, Immortal  
  114  8:55  Probe  
  113  9:01  Protoss Ground Weapons Level 1  
  103  9:03  Phoenix x2  
  101  9:15  Zealot  
  101  9:16  Zealot x4  
  111  9:36  Zealot  
  111  9:37  Zealot x2  
  117  9:40  Zealot x2, Nexus  
  121  10:10  Pylon  
  121  10:13  Pylon  
  121  10:16  Stalker x5  
  121  10:17  Pylon  
  131  10:28  Void Ray  
  131  10:29  Pylon, Immortal  
  131  10:31  Void Ray  
  143  10:36  Pylon  
  143  10:49  Fleet Beacon  
  141  10:56  Protoss Air Weapons Level 1  
  129  11:02  Probe (Chrono Boost)  
  114  11:11  Probe (Chrono Boost), Void Ray  
  111  11:13  Stargate, Void Ray  
  111  11:16  Probe (Chrono Boost), Assimilator  
  120  11:20  Assimilator  
  120  11:23  Stargate  
  120  11:26  Stargate  
  120  11:28  Probe  
  121  11:54  Anion Pulse-Crystals (Chrono Boost), Pylon  
  121  11:55  Pylon  
  121  11:56  Void Ray  
  125  12:04  Assimilator  
  125  12:09  Assimilator, Carrier  
  125  12:10  Assimilator, Carrier  
  125  12:13  Carrier  
  149  12:23  Carrier  
  149  12:24  Observer  
  150  12:33  Assimilator  
  150  12:45  Photon Cannon  
  150  12:46  Observer  
  150  12:48  Photon Cannon  
  150  12:50  Unknown  
  151  12:54  Photon Cannon  
  151  13:00  Protoss Ground Armor Level 2  
  151  13:03  Carrier  
  151  13:04  Protoss Air Armor Level 1  
  157  13:09  Photon Cannon  
  157  13:12  Shield Battery  
  157  13:15  Pylon  
  157  13:18  Pylon  
  156  13:20  Photon Cannon  
  133  14:03  Tempest  
  133  14:04  Tempest x3  
  133  14:07  Tempest  
  154  14:35  Nexus  
  150  14:55  Tempest  
  150  14:56  Tempest x2  
  161  15:16  Protoss Air Weapons Level 2  
  161  15:30  Carrier x2  
  167  16:28  Carrier x2  
  167  16:29  Carrier  
  185  16:34  Carrier x2  
  197  17:06  Nexus  
  186  17:42  Assimilator  
Show
View Real Time Build Order
Export as new Build Order

antagomiR Protoss 

Build Orders:  

Get SALT Encoding   

  12  0:01  Probe  
  13  0:13  Probe  
  14  0:19  Pylon  
  14  0:25  Probe  
  15  0:40  Gateway  
  15  0:42  Probe  
  16  0:54  Probe  
  17  0:59  Assimilator  
  17  1:06  Probe  
  18  1:22  Assimilator  
  18  1:23  Probe  
  19  1:35  Probe  
  20  1:42  Cybernetics Core  
  20  1:46  Pylon  
  20  1:51  Probe  
  21  2:03  Probe  
  22  2:12  Warp Gate (Chrono Boost)  
  22  2:13  Gateway x2  
  22  2:18  Stalker (Chrono Boost)  
  24  2:24  Probe  
  25  2:36  Probe  
  26  2:40  Stalker  
  28  2:48  Probe  
  29  3:00  Probe  
  29  3:02  Nexus  
  30  3:08  Pylon  
  30  3:12  Probe  
  31  3:26  Stalker  
  33  3:28  Shield Battery  
  33  3:30  Probe  
  34  3:41  Robotics Facility  
  34  3:45  Probe  
  34  3:47  Pylon  
  35  3:58  Probe  
  35  4:02  Stalker  
  38  4:10  Probe  
  38  4:14  Probe  
  40  4:22  Probe  
  41  4:26  Probe, Pylon  
  41  4:28  Twilight Council  
  41  4:30  Observer  
  43  4:35  Probe  
  44  4:38  Probe  
  45  4:47  Probe  
  45  4:50  Probe  
  45  4:51  Immortal  
  51  4:55  Sentry  
  51  4:56  Sentry  
  51  4:59  Probe  
  56  5:07  Probe  
  56  5:11  Probe  
  58  5:20  Probe  
  59  5:23  Probe  
  59  5:27  Forge  
  60  5:30  Observer  
  60  5:32  Probe  
  62  5:38  Probe  
  62  5:41  Blink (Chrono Boost)  
  63  5:44  Probe  
  64  5:50  Probe  
  64  5:51  Pylon, Immortal  
  64  5:54  Assimilator  
  64  5:57  Probe  
  70  5:59  Assimilator  
  70  6:09  Probe x2  
  72  6:11  Pylon  
  72  6:14  Stalker x3  
  72  6:15  Protoss Ground Weapons Level 1 (Chrono Boost)  
  78  6:18  Pylon  
  78  6:29  Probe x2  
  78  6:31  Immortal  
  84  6:41  Probe x2  
  86  6:53  Nexus, Stalker  
  86  6:54  Probe x2  
  90  6:55  Pylon  
  90  6:58  Pylon  
  90  7:06  Probe x2  
  92  7:13  Immortal  
  96  7:15  Pylon  
  96  7:16  Pylon  
  96  7:18  Probe x2  
  96  7:21  Pylon  
  98  7:29  Shield Battery  
  98  7:31  Shield Battery  
  98  7:32  Probe x2  
  100  7:41  Templar Archives  
  101  7:44  Probe x2  
  101  7:46  Gateway  
  101  7:47  Gateway  
  101  7:49  Gateway x2  
  102  7:53  Gateway  
  102  7:55  Gateway  
  102  7:57  Gateway, Stalker  
  104  8:00  Pylon  
  104  8:03  Probe x2  
  106  8:14  Probe  
  106  8:15  Probe x2  
  93  9:11  Stalker x5  
  93  9:12  Stalker  
  93  9:13  Stalker x2  
  93  9:14  Stalker  
  111  9:19  Probe  
  111  9:20  Probe x2  
  114  9:31  Probe  
  114  9:32  Probe  
  114  9:33  Stalker  
  114  9:37  Nexus  
  118  9:40  Pylon  
  118  9:42  Pylon  
  118  9:59  Stalker x3  
  123  10:00  Stalker x3  
  123  10:01  Stalker x2  
  123  10:04  Probe x3  
  123  10:06  Protoss Ground Weapons Level 2 (Chrono Boost)  
  136  10:16  Probe x2, Assimilator  
  138  10:21  Assimilator  
  138  10:26  Assimilator  
  138  10:29  Assimilator  
  138  10:36  Photon Cannon  
  138  10:38  Photon Cannon  
  138  10:40  Shield Battery  
  138  10:42  Shield Battery  
  138  10:46  Photon Cannon  
  134  10:51  Photon Cannon  
  124  11:11  Stalker x3  
  124  11:12  Stalker x2  
  124  11:15  Probe  
  124  11:18  Probe x3  
  138  11:25  Assimilator  
  138  11:27  Probe  
  138  11:30  Probe x3  
  142  11:33  High Templar  
  142  11:34  High Templar x2  
  142  11:38  Archon  
  148  11:47  Sentry  
  148  11:48  Sentry  
  148  11:49  Zealot x2  
  148  11:51  High Templar  
  148  11:52  High Templar  
  160  12:04  Archon  
  160  12:12  High Templar x4  
  160  12:13  High Templar x2  
  172  12:16  Archon x2  
  172  12:17  Archon  
  172  12:32  High Templar x3  
  172  12:36  Archon  
  178  12:39  Archon  
  178  12:44  Protoss Ground Weapons Level 3  
  178  12:55  Stalker  
  180  13:06  Pylon  
  180  13:09  Pylon  
  180  13:11  Pylon  
  180  13:13  Pylon  
  180  13:29  Probe  
  118  14:01  High Templar  
  118  14:02  High Templar x3  
  122  14:03  High Templar x3  
  122  14:04  Stalker x3  
  134  14:13  Archon  
  134  14:14  Archon  
  134  14:15  Archon, Pylon  
  134  14:35  Zealot x5  
  134  14:36  Zealot  
  134  14:37  Zealot x3  
  89  14:53  Probe x4  
  89  14:56  Stalker x2  
  89  14:57  Stalker x5  
  89  14:58  Stalker  
  89  14:59  Pylon  
  92  15:13  Stalker  
  92  15:14  Stalker  
  73  15:32  Stalker  
  73  15:33  Stalker x5  
  73  15:34  Stalker  
  86  15:51  High Templar x3  
  86  15:55  Archon  
  86  15:57  Zealot x3  
  94  15:58  Zealot  
  94  15:59  Zealot x2  
  94  16:00  Zealot  
  66  16:32  Stalker x2  
  70  16:33  Stalker x2  
  70  16:35  Stalker  
  70  16:36  Stalker x4  
  70  16:37  Stalker  
  70  16:38  Stargate  
  70  16:39  Stargate  
  85  16:42  Stargate  
  85  16:58  Stalker x2  
  85  16:59  Stalker x5  
  85  17:00  Stalker  
  100  17:02  Stalker x2  
  95  17:26  Void Ray x2 (Chrono Boost)  
  95  17:27  Void Ray (Chrono Boost)  
  20  18:07  Stalker  
  20  18:10  Zealot x2  
  20  18:11  Zealot x5  
  20  18:12  Zealot x2  
Tags
 
Composition
Carriers
League
GoldGold
Matchup
PvP
Replay Pack
20200422
Spawn Locations
Cross Positions
Add a new tag
Caveats
  • Supply blocks, unpowered buildings, or Contaminate may cause inaccurate times.
  • Supply counts are checked every 10 seconds.